NULL
Full Scoreboard »»

Golden Knights vs Kings

Created - December 10, 2023 at 22:37

Goals
1 2 3 T
Golden Knights 0 0 2 2
Kings 1 1 1 3
Shots
1 2 3 T
Golden Knights 7 11 17 35
Kings 6 9 15 30

GoalsPenalties
1st period
1. Kings , Anze Kopitar 6 (Rickard Rakell 2) at 17:41
No Penalty
2nd period
2. Kings , Aleksander Barkov 4 (Kevin Fiala 5) at 0:47
Nick Blankenburg (VGK) for Tripping (Minor) at 8:46
3rd period
3. Golden Knights , Nathan Bastian 2 (Brett Pesce 2, Jared Spurgeon 5) at 4:26
4. Golden Knights , Tomas Hertl 8 (Alex DeBrincat 5) at 13:42 (PP)
5. Kings , Anze Kopitar 7 (Rickard Rakell 3) at 14:52
Gustav Forsling (LAK) for Roughing (Minor) at 13:39
Goalie Stats
Anthony Stolarz (VGK), 27 saves from 30 shots - (0.900), L, 1-3-0, 60:00 minutes
Anton Forsberg (LAK), 33 saves from 35 shots - (0.943), W, 2-1-0, 60:00 minutes
3 StarsOfficial
1 - Anze Kopitar (LAK)
2 - Rickard Rakell (LAK)
3 - Anton Forsberg (LAK)
Referees : Unknown
Linesman : Unknown
Game Note
No Game Note



Team Name Goals Shots Shots Attemp Shots Blocked PIM HIT PP PK FO%
Golden Knights 2357092351 / 1 (100%)043%
Kings 33056122280 / 1 (0%)157%

Golden Knights
Player Name POS G A P +/- PIM HIT SHT SB MP PP MP PP SHT PK MP PK SHT FO% FOT GA TA
Alex DeBrincatC/LW/RW011-1022018:440:0300:5500% 010
Brett PesceD011-1014119:130:0000:0000% 000
Jared SpurgeonD011-1002118:480:0300:0000% 021
Joel FarabeeLW000-2031116:390:0000:130100% 210
Josh AndersonRW0000030014:530:0000:5700% 120
Josh MorrisseyD0000033121:280:0001:0400% 000
Kieffer BellowsLW000103019:380:0000:0000% 000
Mark StoneLW/RW000-1024017:000:0000:0000% 010
Mike MathesonD0000001220:320:0001:0400% 022
Nathan BastianRW101101509:440:0000:0000% 000
Nick BlankenburgD000-1210018:350:0000:0000% 000
Owen PowerD000-1031120:030:0300:5500% 000
Patrick BrownC0001031010:400:0000:57050% 600
Pius SuterC0000002014:420:0000:49043% 700
Ryan LeonardC/LW/RW000-2023017:430:0300:1300% 200
Shane PintoC000-2021016:480:0000:00038% 2100
Taylor RaddyshLW/RW0000053014:420:0000:4900% 010
Tomas HertlC/LW/RW101-1012118:080:0310:00047% 1711
Kings
Player Name POS G A P +/- PIM HIT SHT SB MP PP MP PP SHT PK MP PK SHT FO% FOT GA TA
Aleksander BarkovC1010015119:220:5900:00058% 2401
Anze KopitarC2022044218:151:0000:03060% 1500
Gabriel VilardiC000000018:540:0000:0000% 000
Gustav ForslingD0000233021:251:0000:0000% 001
Ilya LyubushkinD0002000016:370:0000:0300% 000
Joel HanleyD0002030116:340:0000:0000% 002
Kevin FialaC/LW/RW0110043019:180:5900:0000% 012
Kirill MarchenkoRW000000018:450:0000:0000% 000
Matvei MichkovRW0000004014:110:0000:0000% 020
Michael McCarronC000002008:480:0000:0000% 000
Noah HanifinD0000001323:141:0000:0000% 002
Oscar KlefbomD0000032119:240:5900:0300% 001
Patrik LaineLW/RW0000021018:051:0000:0000% 011
Rickard RakellC/LW/RW0222011119:140:5900:00050% 200
Ryan DonatoC/LW/RW0000000114:080:0000:000100% 100
Vladislav GavrikovD0000032021:200:5900:0000% 000
William KarlssonC/LW/RW0002014018:081:0000:0300% 101
Yanni GourdeC/LW/RW0000010014:140:0000:00054% 1300

Golden Knights

5 vs 5 Forward
Line #Left WingCenterRight WingPHYDFOFWanted %Time %Time Play
1Mark StoneTomas HertlAlex DeBrincat1223230%17:00
2Joel FarabeeShane PintoRyan Leonard1223229%16:25
3Taylor RaddyshPius SuterJosh Anderson1222625%14:04
4Kieffer BellowsPatrick BrownNathan Bastian1221017%9:24
5 vs 5 Defense
Line #DefenseDefensePHYDFOFWanted %Time %Time Play
1Mike MathesonJosh Morrissey1223434%19:11
2Jared SpurgeonBrett Pesce1223333%18:49
3Owen PowerNick Blankenburg1223333%18:36
4Mike MathesonJosh Morrissey12200%0:17
Power Play Forward
Line #Left WingCenterRight WingPHYDFOFWanted %Time %Time Play
1Ryan LeonardTomas HertlAlex DeBrincat11355100%0:03
2Joel FarabeeShane PintoMark Stone122450%0:00
Power Play Defense
Line #DefenseDefensePHYDFOFWanted %Time %Time Play
1Josh MorrisseyMike Matheson122500%0:00
2Jared SpurgeonOwen Power12250100%0:03
Penalty Kill 4 Players Forward
Line #CenterWingPHYDFOFWanted %Time %Time Play
1Pius SuterTaylor Raddysh1225052%1:02
2Patrick BrownJosh Anderson1225048%0:57
Penalty Kill 4 Players Defense
Line #DefenseDefensePHYDFOFWanted %Time %Time Play
1Brett PesceJared Spurgeon122550%0:00
2Mike MathesonNick Blankenburg12245100%1:59
Penalty Kill 3 Players
Line #WingPHYDFOFWanted %Time %Time PlayDefenseDefensePHYDFOFWanted %Time %Time Play
1Patrick Brown122500%0:00 Mike MathesonJosh Morrissey122500%0:00
2Pius Suter122500%0:00 Jared SpurgeonBrett Pesce122500%0:00
4 vs 4 Forward
Line #CenterWingPHYDFOFWanted %Time %Time Play
1Tomas HertlMark Stone122500%0:00
2Alex DeBrincatJosh Anderson122500%0:00
4 vs 4 Defense
Line #DefensePHYDFOFWanted %Time %Time Play
1Mike MathesonJosh Morrissey122500%0:00
2Nick BlankenburgOwen Power122500%0:00
Last Minutes Offensive
Left WingCenterRight WingDefenseDefense
Alex DeBrincatTomas HertlRyan LeonardOwen PowerJosh Morrissey
Last Minutes Defensive
Left WingCenterRight WingDefenseDefense
Mark StoneTomas HertlNathan BastianBrett PesceJared Spurgeon
Time
Total ForwardTotal DefenseLast Minutes OffensiveLast Minutes Defensive
60:00 60:00 1:050:00
Extra Forwards
Normal PowerPlayPenalty Kill
Patrick Brown, Shane Pinto, Taylor RaddyshPatrick Brown, Shane PintoTaylor Raddysh
Extra Defensemen
Normal PowerPlayPenalty Kill
Owen Power, Nick Blankenburg, Jared SpurgeonOwen Power, Nick BlankenburgJared Spurgeon
Penalty Shots
Mark Stone, Alex DeBrincat, Pius Suter, Josh Anderson, Mike Matheson
Goalie
Anthony Stolarz, Sergei Bobrovsky
Custom OT Lines Forwards
Tomas Hertl, Mark Stone, Alex DeBrincat, Josh Anderson, Ryan Leonard, Shane Pinto, Taylor Raddysh, Joel Farabee, Pius Suter, Nathan Bastian
Custom OT Lines Defensemen
Mike Matheson, Josh Morrissey, Jared Spurgeon, Brett Pesce, Owen Power
Scratches
Aku Raty (Healthy), Mikko Koskinen (Healthy)

Kings

5 vs 5 Forward
Line #Left WingCenterRight WingPHYDFOFWanted %Time %Time Play
1Kevin FialaAleksander BarkovPatrik Laine1223230%16:59
2William KarlssonAnze KopitarRickard Rakell1223130%17:09
3Ryan DonatoYanni GourdeMatvei Michkov1222725%14:12
4Michael McCarronGabriel VilardiKirill Marchenko1221015%8:30
5 vs 5 Defense
Line #DefenseDefensePHYDFOFWanted %Time %Time Play
1Noah HanifinVladislav Gavrikov1223636%20:26
2Gustav ForslingOscar Klefbom1223433%18:45
3Joel HanleyIlya Lyubushkin1223030%16:58
4Noah HanifinGustav Forsling12201%0:41
Power Play Forward
Line #Left WingCenterRight WingPHYDFOFWanted %Time %Time Play
1Kevin FialaAleksander BarkovRickard Rakell1135050%0:59
2William KarlssonAnze KopitarPatrik Laine1135050%1:00
Power Play Defense
Line #DefenseDefensePHYDFOFWanted %Time %Time Play
1Noah HanifinGustav Forsling1225050%1:00
2Vladislav GavrikovOscar Klefbom1225050%0:59
Penalty Kill 4 Players Forward
Line #CenterWingPHYDFOFWanted %Time %Time Play
1Anze KopitarWilliam Karlsson12250100%0:03
2Yanni GourdeRyan Donato122500%0:00
Penalty Kill 4 Players Defense
Line #DefenseDefensePHYDFOFWanted %Time %Time Play
1Noah HanifinGustav Forsling122500%0:00
2Vladislav GavrikovOscar Klefbom12250100%0:03
Penalty Kill 3 Players
Line #WingPHYDFOFWanted %Time %Time PlayDefenseDefensePHYDFOFWanted %Time %Time Play
1Anze Kopitar122500%0:00 Noah HanifinGustav Forsling122500%0:00
2Yanni Gourde122500%0:00 Vladislav GavrikovOscar Klefbom122500%0:00
4 vs 4 Forward
Line #CenterWingPHYDFOFWanted %Time %Time Play
1Aleksander BarkovAnze Kopitar122500%0:00
2William KarlssonRickard Rakell122500%0:00
4 vs 4 Defense
Line #DefensePHYDFOFWanted %Time %Time Play
1Noah HanifinGustav Forsling122500%0:00
2Vladislav GavrikovOscar Klefbom122500%0:00
Last Minutes Offensive
Left WingCenterRight WingDefenseDefense
Kevin FialaAleksander BarkovRickard RakellNoah HanifinGustav Forsling
Last Minutes Defensive
Left WingCenterRight WingDefenseDefense
Kevin FialaAleksander BarkovRickard RakellNoah HanifinGustav Forsling
Time
Total ForwardTotal DefenseLast Minutes OffensiveLast Minutes Defensive
60:00 60:00 0:001:08
Extra Forwards
Normal PowerPlayPenalty Kill
Matvei Michkov, Yanni Gourde, Gabriel VilardiYanni Gourde, Matvei MichkovGabriel Vilardi
Extra Defensemen
Normal PowerPlayPenalty Kill
Ilya Lyubushkin, Vladislav Gavrikov, Joel HanleyOscar Klefbom, Oscar KlefbomVladislav Gavrikov
Penalty Shots
Aleksander Barkov, Anze Kopitar, Kevin Fiala, Rickard Rakell, William Karlsson
Goalie
Anton Forsberg, Pheonix Copley
Custom OT Lines Forwards
Aleksander Barkov, Anze Kopitar, Kevin Fiala, Rickard Rakell, William Karlsson, Patrik Laine, Yanni Gourde, Gabriel Vilardi, Matvei Michkov, Ryan Donato
Custom OT Lines Defensemen
Noah Hanifin, Gustav Forsling, Vladislav Gavrikov, Oscar Klefbom, Ilya Lyubushkin
Scratches
Ben Hutton (Healthy), Nicolas Aube-Kubel (Healthy)


Play-by-Play

1st period


0:01 of 1st period - Aleksander Barkov wins face-off versus Tomas Hertl in neutral zone.
0:14 of 1st period - Snap shot by Patrik Laine.
0:14 of 1st period - Shot Misses the Net.
0:16 of 1st period - Wrist shot by Patrik Laine.
0:16 of 1st period - Stopped by Anthony Stolarz with a rebound.
0:53 of 1st period - Noah Hanifin is hit by Mark Stone and loses puck.
1:18 of 1st period - Yanni Gourde is hit by Nick Blankenburg and loses puck.
1:31 of 1st period - Wrist shot by Matvei Michkov.
1:31 of 1st period - Stopped by Anthony Stolarz with a rebound.
2:37 of 1st period - Slapshot by Yanni Gourde.
2:37 of 1st period - Shot Misses the Net.
3:35 of 1st period - Slapshot by Matvei Michkov.
3:35 of 1st period - Shot Misses the Net.
4:07 of 1st period - Snap shot by Matvei Michkov.
4:07 of 1st period - Stopped by Anthony Stolarz without a rebound.
4:08 of 1st period - Shane Pinto wins face-off versus Rickard Rakell in Golden Knights zone.
4:08 of 1st period - Shane Pinto is hit by Oscar Klefbom.
4:22 of 1st period - Slapshot by Josh Morrissey.
4:22 of 1st period - Deflect By Shane Pinto.
4:22 of 1st period - Stopped by Anton Forsberg with a rebound.
5:02 of 1st period - Ilya Lyubushkin is hit by Patrick Brown and loses puck.
6:30 of 1st period - Ilya Lyubushkin is hit by Patrick Brown and loses puck.
7:10 of 1st period - Icing by Anze Kopitar.
7:11 of 1st period - Rickard Rakell wins face-off versus Pius Suter in Kings zone.
7:11 of 1st period - Rickard Rakell is hit by Nathan Bastian.
7:25 of 1st period - Patrik Laine is hit by Joel Farabee and loses puck.
7:40 of 1st period - Nathan Bastian is hit by Michael McCarron and loses puck.
9:02 of 1st period - Nick Blankenburg is hit by Kevin Fiala and loses puck.
11:09 of 1st period - Shane Pinto is hit by Patrik Laine and loses puck.
11:36 of 1st period - Gustav Forsling is hit by Brett Pesce and loses puck.
12:16 of 1st period - Icing by Josh Anderson.
12:17 of 1st period - Ryan Donato wins face-off versus Pius Suter in Golden Knights zone.
12:44 of 1st period - Mark Stone is hit by Anze Kopitar.
13:04 of 1st period - Icing by Noah Hanifin.
13:05 of 1st period - Yanni Gourde wins face-off versus Patrick Brown in Kings zone.
13:05 of 1st period - Yanni Gourde is hit by Kieffer Bellows.
13:12 of 1st period - Off-side.
13:13 of 1st period - Aleksander Barkov wins face-off versus Shane Pinto in neutral zone.
13:28 of 1st period - Wrist shot by Aleksander Barkov.
13:28 of 1st period - Shot Misses the Net.
13:45 of 1st period - Vladislav Gavrikov is hit by Josh Anderson and loses puck.
13:50 of 1st period - Snap shot by Pius Suter.
13:50 of 1st period - Shot Misses the Net.
13:52 of 1st period - Snap shot by Pius Suter.
13:52 of 1st period - Shot Misses the Net.
14:02 of 1st period - Slapshot by Brett Pesce.
14:02 of 1st period - Stopped by Anton Forsberg without a rebound.
14:03 of 1st period - Aleksander Barkov wins face-off versus Patrick Brown in Kings zone.
14:17 of 1st period - Wrist shot by Aleksander Barkov.
14:17 of 1st period - Shot Misses the Net.
14:19 of 1st period - Snap shot by Kevin Fiala.
14:19 of 1st period - Stopped by Anthony Stolarz with a rebound.
14:29 of 1st period - Snap shot by Ryan Leonard.
14:29 of 1st period - Stopped by Anton Forsberg with a rebound.
14:31 of 1st period - Snap shot by Brett Pesce.
14:31 of 1st period - Stopped by Anton Forsberg with a rebound.
14:33 of 1st period - Slapshot by Shane Pinto.
14:33 of 1st period - Shot Blocked by Oscar Klefbom.
14:51 of 1st period - Snap shot by Anze Kopitar.
14:51 of 1st period - Shot Misses the Net.
14:53 of 1st period - Snap shot by Gustav Forsling.
14:53 of 1st period - Shot Blocked by Owen Power.
14:55 of 1st period - Slapshot by Oscar Klefbom.
14:55 of 1st period - Deflect By Anze Kopitar.
14:55 of 1st period - Shot Misses the Net.
14:55 of 1st period - Puck is out of play.
14:56 of 1st period - Shane Pinto wins face-off versus Aleksander Barkov in Golden Knights zone.
14:56 of 1st period - Shane Pinto is hit by Patrik Laine.
15:12 of 1st period - Snap shot by Ryan Leonard.
15:12 of 1st period - Stopped by Anton Forsberg without a rebound.
15:13 of 1st period - Anze Kopitar wins face-off versus Pius Suter in Kings zone.
15:21 of 1st period - Off-side.
15:22 of 1st period - Pius Suter wins face-off versus Anze Kopitar in neutral zone.
16:10 of 1st period - Off-side.
16:11 of 1st period - Joel Farabee wins face-off versus Aleksander Barkov in neutral zone.
16:18 of 1st period - Patrik Laine is hit by Joel Farabee and loses puck.
16:25 of 1st period - Mike Matheson is hit by Oscar Klefbom and loses puck.
17:04 of 1st period - Snap shot by Nathan Bastian.
17:04 of 1st period - Stopped by Anton Forsberg without a rebound.
17:05 of 1st period - Aleksander Barkov wins face-off versus Patrick Brown in Kings zone.
17:32 of 1st period - Shane Pinto is hit by Rickard Rakell and loses puck.
17:41 of 1st period - Wrist shot by Anze Kopitar.
17:41 of 1st period - Goal by Anze Kopitar - Golden Knights : 0 - Kings : 1.
17:42 of 1st period - Aleksander Barkov wins face-off versus Shane Pinto in neutral zone.
17:47 of 1st period - Wrist shot by Aleksander Barkov.
17:47 of 1st period - Shot Blocked by Joel Farabee.
18:22 of 1st period - Snap shot by Ryan Leonard.
18:22 of 1st period - Shot Misses the Net.
18:24 of 1st period - Snap shot by Joel Farabee.
18:24 of 1st period - Stopped by Anton Forsberg without a rebound.
18:25 of 1st period - Aleksander Barkov wins face-off versus Tomas Hertl in Kings zone.
18:52 of 1st period - Anze Kopitar is hit by Josh Anderson.
18:58 of 1st period - Joel Hanley is hit by Taylor Raddysh and loses puck.
19:06 of 1st period - Icing by William Karlsson.
19:07 of 1st period - Anze Kopitar wins face-off versus Shane Pinto in Kings zone.
19:16 of 1st period - Ryan Leonard is hit by William Karlsson and loses puck.
19:21 of 1st period - Slapshot by William Karlsson.
19:21 of 1st period - Stopped by Anthony Stolarz with a rebound.
19:23 of 1st period - Slapshot by Ilya Lyubushkin.
19:23 of 1st period - Deflect By William Karlsson.
19:23 of 1st period - Shot Misses the Net.
19:23 of 1st period - Puck is out of play.
19:24 of 1st period - Tomas Hertl wins face-off versus Aleksander Barkov in Golden Knights zone.
19:52 of 1st period - Icing by Joel Farabee.
19:53 of 1st period - Yanni Gourde wins face-off versus Shane Pinto in Golden Knights zone.
Goals for this period are 0 for Golden Knights vs 1 for Kings.
Shots for this period are 7 for Golden Knights vs 6 for Kings.

2nd period


0:01 of 2nd period - Aleksander Barkov wins face-off versus Tomas Hertl in neutral zone.
0:04 of 2nd period - Slapshot by Oscar Klefbom.
0:04 of 2nd period - Stopped by Anthony Stolarz without a rebound.
0:05 of 2nd period - Tomas Hertl wins face-off versus Aleksander Barkov in Golden Knights zone.
0:12 of 2nd period - Snap shot by Brett Pesce.
0:12 of 2nd period - Stopped by Anton Forsberg without a rebound.
0:13 of 2nd period - Anze Kopitar wins face-off versus Shane Pinto in Kings zone.
0:30 of 2nd period - Snap shot by Anze Kopitar.
0:30 of 2nd period - Shot Misses the Net.
0:47 of 2nd period - Wrist shot by Aleksander Barkov.
0:47 of 2nd period - Goal by Aleksander Barkov - Golden Knights : 0 - Kings : 2.
0:48 of 2nd period - Anze Kopitar wins face-off versus Josh Anderson in neutral zone.
1:14 of 2nd period - Ryan Leonard is hit by Oscar Klefbom and loses puck.
1:19 of 2nd period - Snap shot by Matvei Michkov.
1:19 of 2nd period - Stopped by Anthony Stolarz without a rebound.
1:20 of 2nd period - Shane Pinto wins face-off versus Yanni Gourde in Golden Knights zone.
1:51 of 2nd period - Snap shot by Ryan Leonard.
1:51 of 2nd period - Deflect By Matvei Michkov.
1:51 of 2nd period - Shot Blocked by Ryan Donato.
1:51 of 2nd period - Puck is out of play.
1:52 of 2nd period - Tomas Hertl wins face-off versus Aleksander Barkov in Kings zone.
1:55 of 2nd period - Slapshot by Tomas Hertl.
1:55 of 2nd period - Deflect By Aleksander Barkov.
1:55 of 2nd period - Shot Misses the Net.
1:55 of 2nd period - Puck is out of play.
1:56 of 2nd period - Aleksander Barkov wins face-off versus Tomas Hertl in Kings zone.
1:56 of 2nd period - Aleksander Barkov is hit by Alex DeBrincat.
2:32 of 2nd period - Slapshot by Josh Morrissey.
2:32 of 2nd period - Shot Misses the Net.
2:34 of 2nd period - Slapshot by Mike Matheson.
2:34 of 2nd period - Deflect By Pius Suter.
2:34 of 2nd period - Shot Misses the Net.
2:34 of 2nd period - Puck is out of play.
2:35 of 2nd period - Shane Pinto wins face-off versus Yanni Gourde in Kings zone.
2:45 of 2nd period - Off-side.
2:46 of 2nd period - Tomas Hertl wins face-off versus Aleksander Barkov in neutral zone.
2:57 of 2nd period - Wrist shot by Aleksander Barkov.
2:57 of 2nd period - Stopped by Anthony Stolarz with a rebound.
2:59 of 2nd period - Slapshot by Aleksander Barkov.
2:59 of 2nd period - Stopped by Anthony Stolarz without a rebound.
3:00 of 2nd period - Pius Suter wins face-off versus Anze Kopitar in Golden Knights zone.
3:00 of 2nd period - Pius Suter is hit by Gustav Forsling.
3:14 of 2nd period - Wrist shot by William Karlsson.
3:14 of 2nd period - Stopped by Anthony Stolarz with a rebound.
3:28 of 2nd period - Oscar Klefbom is hit by Owen Power and loses puck.
4:09 of 2nd period - Vladislav Gavrikov is hit by Kieffer Bellows and loses puck.
4:16 of 2nd period - Wrist shot by Nathan Bastian.
4:16 of 2nd period - Shot Blocked by Gabriel Vilardi.
4:51 of 2nd period - Patrik Laine is hit by Alex DeBrincat and loses puck.
5:18 of 2nd period - Snap shot by Kirill Marchenko.
5:18 of 2nd period - Shot Hit the Post.
5:26 of 2nd period - Wrist shot by Mark Stone.
5:26 of 2nd period - Shot Misses the Net.
5:28 of 2nd period - Wrist shot by Mark Stone.
5:28 of 2nd period - Stopped by Anton Forsberg with a rebound.
5:30 of 2nd period - Wrist shot by Josh Morrissey.
5:30 of 2nd period - Shot Blocked by Kirill Marchenko.
5:32 of 2nd period - Slapshot by Alex DeBrincat.
5:32 of 2nd period - Shot Misses the Net.
5:34 of 2nd period - Slapshot by Mike Matheson.
5:34 of 2nd period - Shot Blocked by Noah Hanifin.
5:36 of 2nd period - Snap shot by Alex DeBrincat.
5:36 of 2nd period - Shot Misses the Net.
5:38 of 2nd period - Slapshot by Mike Matheson.
5:38 of 2nd period - Stopped by Anton Forsberg without a rebound.
5:39 of 2nd period - Anze Kopitar wins face-off versus Ryan Leonard in Kings zone.
5:39 of 2nd period - Anze Kopitar is hit by Joel Farabee.
5:45 of 2nd period - Slapshot by Ryan Leonard.
5:45 of 2nd period - Shot Misses the Net.
6:05 of 2nd period - Taylor Raddysh is hit by Joel Hanley and loses puck.
7:08 of 2nd period - Jared Spurgeon is hit by Kevin Fiala and loses puck.
8:40 of 2nd period - Snap shot by Oscar Klefbom.
8:40 of 2nd period - Stopped by Anthony Stolarz with a rebound.
8:46 of 2nd period - Minor Penalty to Nick Blankenburg for Tripping.
8:47 of 2nd period - Patrick Brown wins face-off versus Aleksander Barkov in Golden Knights zone.
10:34 of 2nd period - Owen Power is hit by Anze Kopitar and loses puck.
10:46 of 2nd period - Penalty to Nick Blankenburg is over, Nick Blankenburg is back on ice.
11:27 of 2nd period - Ilya Lyubushkin is hit by Patrick Brown and loses puck.
11:54 of 2nd period - Patrik Laine is hit by Ryan Leonard and loses puck.
12:07 of 2nd period - Anze Kopitar is hit by Tomas Hertl and loses puck.
12:32 of 2nd period - Taylor Raddysh is hit by Vladislav Gavrikov.
12:54 of 2nd period - Nick Blankenburg is hit by Gustav Forsling and loses puck.
13:07 of 2nd period - Snap shot by Yanni Gourde.
13:07 of 2nd period - Shot Misses the Net.
13:17 of 2nd period - Gabriel Vilardi is hit by Shane Pinto and loses puck.
13:30 of 2nd period - Snap shot by Brett Pesce.
13:30 of 2nd period - Shot Blocked by Anze Kopitar.
13:40 of 2nd period - Brett Pesce is hit by Yanni Gourde and loses puck.
13:51 of 2nd period - Matvei Michkov is hit by Kieffer Bellows and loses puck.
14:04 of 2nd period - Josh Morrissey is hit by Kevin Fiala and loses puck.
14:09 of 2nd period - Slapshot by Aleksander Barkov.
14:09 of 2nd period - Shot Misses the Net.
14:11 of 2nd period - Snap shot by Kevin Fiala.
14:11 of 2nd period - Stopped by Anthony Stolarz with a rebound.
14:13 of 2nd period - Snap shot by Kevin Fiala.
14:13 of 2nd period - Shot Misses the Net.
14:30 of 2nd period - Off-side.
14:31 of 2nd period - Tomas Hertl wins face-off versus Anze Kopitar in neutral zone.
14:40 of 2nd period - Snap shot by Tomas Hertl.
14:40 of 2nd period - Shot Misses the Net.
14:48 of 2nd period - Rickard Rakell is hit by Mark Stone and loses puck.
14:59 of 2nd period - William Karlsson is hit by Taylor Raddysh.
15:07 of 2nd period - Brett Pesce is hit by Anze Kopitar and loses puck.
16:02 of 2nd period - Snap shot by Taylor Raddysh.
16:02 of 2nd period - Stopped by Anton Forsberg with a rebound.
16:08 of 2nd period - Snap shot by Josh Morrissey.
16:08 of 2nd period - Deflect By Kirill Marchenko.
16:08 of 2nd period - Stopped by Anton Forsberg with a rebound.
16:10 of 2nd period - Slapshot by Josh Morrissey.
16:10 of 2nd period - Deflect By Taylor Raddysh.
16:10 of 2nd period - Stopped by Anton Forsberg with a rebound.
16:12 of 2nd period - Slapshot by Josh Morrissey.
16:12 of 2nd period - Stopped by Anton Forsberg without a rebound.
16:13 of 2nd period - Shane Pinto wins face-off versus Aleksander Barkov in Kings zone.
16:14 of 2nd period - Snap shot by Ryan Leonard.
16:14 of 2nd period - Shot Misses the Net.
16:49 of 2nd period - Slapshot by Rickard Rakell.
16:49 of 2nd period - Stopped by Anthony Stolarz with a rebound.
17:11 of 2nd period - Snap shot by Taylor Raddysh.
17:11 of 2nd period - Shot Misses the Net.
17:25 of 2nd period - Snap shot by Patrick Brown.
17:25 of 2nd period - Shot Misses the Net.
17:27 of 2nd period - Slapshot by Nathan Bastian.
17:27 of 2nd period - Stopped by Anton Forsberg with a rebound.
17:29 of 2nd period - Backhand shot by Owen Power.
17:29 of 2nd period - Deflect By Patrick Brown.
17:29 of 2nd period - Shot Misses the Net.
17:29 of 2nd period - Puck is out of play.
17:30 of 2nd period - Patrick Brown wins face-off versus Aleksander Barkov in Kings zone.
17:31 of 2nd period - Slapshot by Nathan Bastian.
17:31 of 2nd period - Stopped by Anton Forsberg with a rebound.
17:47 of 2nd period - Owen Power is hit by Aleksander Barkov and loses puck.
18:09 of 2nd period - Snap shot by Ryan Leonard.
18:09 of 2nd period - Stopped by Anton Forsberg without a rebound.
18:10 of 2nd period - Yanni Gourde wins face-off versus Tomas Hertl in Kings zone.
18:21 of 2nd period - Yanni Gourde is hit by Josh Morrissey and loses puck.
18:26 of 2nd period - Backhand shot by Mark Stone.
18:26 of 2nd period - Stopped by Anton Forsberg without a rebound.
18:27 of 2nd period - Shane Pinto wins face-off versus Anze Kopitar in Kings zone.
18:42 of 2nd period - Wrist shot by Joel Farabee.
18:42 of 2nd period - Shot Misses the Net.
18:58 of 2nd period - Off-side.
18:59 of 2nd period - Aleksander Barkov wins face-off versus Tomas Hertl in neutral zone.
19:25 of 2nd period - Joel Farabee is hit by Vladislav Gavrikov and loses puck.
19:57 of 2nd period - Icing by Josh Morrissey.
19:58 of 2nd period - Aleksander Barkov wins face-off versus Ryan Leonard in Golden Knights zone.
Goals for this period are 0 for Golden Knights vs 1 for Kings.
Shots for this period are 11 for Golden Knights vs 9 for Kings.

3rd period


0:01 of 3rd period - Aleksander Barkov wins face-off versus Shane Pinto in neutral zone.
0:31 of 3rd period - Wrist shot by Taylor Raddysh.
0:31 of 3rd period - Shot Misses the Net.
0:37 of 3rd period - Snap shot by Josh Anderson.
0:37 of 3rd period - Shot Blocked by Noah Hanifin.
0:39 of 3rd period - Snap shot by Pius Suter.
0:39 of 3rd period - Stopped by Anton Forsberg with a rebound.
0:59 of 3rd period - Wrist shot by Mark Stone.
0:59 of 3rd period - Stopped by Anton Forsberg without a rebound.
1:00 of 3rd period - Yanni Gourde wins face-off versus Shane Pinto in Kings zone.
1:49 of 3rd period - Pius Suter is hit by Michael McCarron and loses puck.
2:08 of 3rd period - Joel Hanley is hit by Josh Morrissey and loses puck.
2:15 of 3rd period - Slapshot by Patrick Brown.
2:15 of 3rd period - Stopped by Anton Forsberg without a rebound.
2:16 of 3rd period - Anze Kopitar wins face-off versus Shane Pinto in Kings zone.
2:16 of 3rd period - Anze Kopitar is hit by Ryan Leonard.
2:26 of 3rd period - Snap shot by Rickard Rakell.
2:26 of 3rd period - Shot Misses the Net.
2:29 of 3rd period - Icing by Nick Blankenburg.
2:30 of 3rd period - Joel Farabee wins face-off versus Aleksander Barkov in Golden Knights zone.
2:30 of 3rd period - Shane Pinto is hit by Kevin Fiala.
2:44 of 3rd period - Snap shot by Aleksander Barkov.
2:44 of 3rd period - Stopped by Anthony Stolarz with a rebound.
3:57 of 3rd period - Brett Pesce is hit by Gustav Forsling and loses puck.
4:10 of 3rd period - Slapshot by Jared Spurgeon.
4:10 of 3rd period - Deflect By Patrik Laine.
4:10 of 3rd period - Stopped by Anton Forsberg with a rebound.
4:12 of 3rd period - Wrist shot by Nathan Bastian.
4:12 of 3rd period - Shot Blocked by Noah Hanifin.
4:14 of 3rd period - Slapshot by Jared Spurgeon.
4:14 of 3rd period - Shot Blocked by Aleksander Barkov.
4:16 of 3rd period - Wrist shot by Nathan Bastian.
4:16 of 3rd period - Stopped by Anton Forsberg with a rebound.
4:26 of 3rd period - Slapshot by Nathan Bastian.
4:26 of 3rd period - Goal by Nathan Bastian - Golden Knights : 1 - Kings : 2.
4:27 of 3rd period - Tomas Hertl wins face-off versus Anze Kopitar in neutral zone.
4:54 of 3rd period - Snap shot by Taylor Raddysh.
4:54 of 3rd period - Shot Misses the Net.
4:56 of 3rd period - Slapshot by Pius Suter.
4:56 of 3rd period - Stopped by Anton Forsberg without a rebound.
4:57 of 3rd period - Aleksander Barkov wins face-off versus Pius Suter in Kings zone.
4:57 of 3rd period - Aleksander Barkov is hit by Josh Anderson.
5:19 of 3rd period - Patrik Laine is hit by Taylor Raddysh and loses puck.
5:26 of 3rd period - Snap shot by Josh Anderson.
5:26 of 3rd period - Shot Blocked by Joel Hanley.
5:30 of 3rd period - Snap shot by Pius Suter.
5:30 of 3rd period - Shot Misses the Net.
5:43 of 3rd period - Icing by Joel Hanley.
5:44 of 3rd period - Aleksander Barkov wins face-off versus Shane Pinto in Kings zone.
5:59 of 3rd period - Slapshot by Joel Farabee.
5:59 of 3rd period - Shot Misses the Net.
6:09 of 3rd period - Snap shot by William Karlsson.
6:09 of 3rd period - Shot Blocked by Mike Matheson.
6:19 of 3rd period - Snap shot by Alex DeBrincat.
6:19 of 3rd period - Shot Blocked by Rickard Rakell.
6:29 of 3rd period - Kieffer Bellows is hit by Joel Hanley and loses puck.
6:50 of 3rd period - Kirill Marchenko is hit by Shane Pinto.
7:25 of 3rd period - Wrist shot by Owen Power.
7:25 of 3rd period - Shot Misses the Net.
7:27 of 3rd period - Wrist shot by Owen Power.
7:27 of 3rd period - Stopped by Anton Forsberg with a rebound.
7:41 of 3rd period - Wrist shot by Kirill Marchenko.
7:41 of 3rd period - Shot Blocked by Mike Matheson.
7:43 of 3rd period - Backhand shot by Michael McCarron.
7:43 of 3rd period - Shot Blocked by Kieffer Bellows.
8:31 of 3rd period - Snap shot by Mark Stone.
8:31 of 3rd period - Shot Misses the Net.
8:33 of 3rd period - Snap shot by Tomas Hertl.
8:33 of 3rd period - Stopped by Anton Forsberg with a rebound.
9:01 of 3rd period - Slapshot by Josh Morrissey.
9:01 of 3rd period - Stopped by Anton Forsberg with a rebound.
9:16 of 3rd period - Slapshot by Nick Blankenburg.
9:16 of 3rd period - Shot Blocked by Anze Kopitar.
9:18 of 3rd period - Slapshot by Nick Blankenburg.
9:18 of 3rd period - Deflect By Taylor Raddysh.
9:18 of 3rd period - Shot Misses the Net.
9:18 of 3rd period - Puck is out of play.
9:19 of 3rd period - Yanni Gourde wins face-off versus Shane Pinto in Kings zone.
9:26 of 3rd period - Wrist shot by Matvei Michkov.
9:26 of 3rd period - Stopped by Anthony Stolarz without a rebound.
9:27 of 3rd period - Yanni Gourde wins face-off versus Shane Pinto in Golden Knights zone.
10:00 of 3rd period - Slapshot by Noah Hanifin.
10:00 of 3rd period - Stopped by Anthony Stolarz with a rebound.
10:02 of 3rd period - Snap shot by William Karlsson.
10:02 of 3rd period - Stopped by Anthony Stolarz with a rebound.
10:18 of 3rd period - Noah Hanifin is hit by Taylor Raddysh and loses puck.
10:39 of 3rd period - Slapshot by Gabriel Vilardi.
10:39 of 3rd period - Shot Misses the Net.
10:41 of 3rd period - Wrist shot by Vladislav Gavrikov.
10:41 of 3rd period - Stopped by Anthony Stolarz without a rebound.
10:42 of 3rd period - Anze Kopitar wins face-off versus Tomas Hertl in Golden Knights zone.
10:51 of 3rd period - Wrist shot by Anze Kopitar.
10:51 of 3rd period - Shot Misses the Net.
10:53 of 3rd period - Wrist shot by William Karlsson.
10:53 of 3rd period - Stopped by Anthony Stolarz without a rebound.
10:54 of 3rd period - Shane Pinto wins face-off versus Yanni Gourde in Golden Knights zone.
11:44 of 3rd period - Snap shot by Taylor Raddysh.
11:44 of 3rd period - Stopped by Anton Forsberg with a rebound.
12:06 of 3rd period - Wrist shot by Kevin Fiala.
12:06 of 3rd period - Stopped by Anthony Stolarz with a rebound.
12:43 of 3rd period - Matvei Michkov is hit by Owen Power and loses puck.
12:52 of 3rd period - Ryan Leonard is hit by Vladislav Gavrikov and loses puck.
13:32 of 3rd period - Wrist shot by Alex DeBrincat.
13:32 of 3rd period - Stopped by Anton Forsberg without a rebound.
13:33 of 3rd period - Tomas Hertl wins face-off versus Yanni Gourde in Kings zone.
13:39 of 3rd period - Minor Penalty to Gustav Forsling for Roughing.
13:40 of 3rd period - Tomas Hertl wins face-off versus William Karlsson in Kings zone.
13:42 of 3rd period - Wrist shot by Tomas Hertl.
13:42 of 3rd period - Goal by Tomas Hertl - Golden Knights : 2 - Kings : 2.
13:43 of 3rd period - Shane Pinto wins face-off versus Anze Kopitar in neutral zone.
14:02 of 3rd period - Ryan Leonard is hit by Anze Kopitar and loses puck.
14:46 of 3rd period - Off-side.
14:47 of 3rd period - Anze Kopitar wins face-off versus Shane Pinto in neutral zone.
14:52 of 3rd period - Snap shot by Anze Kopitar.
14:52 of 3rd period - Goal by Anze Kopitar - Golden Knights : 2 - Kings : 3.
14:53 of 3rd period - Yanni Gourde wins face-off versus Shane Pinto in neutral zone.
15:20 of 3rd period - Josh Anderson is hit by Joel Hanley and loses puck.
15:45 of 3rd period - Snap shot by Rickard Rakell.
15:45 of 3rd period - Shot Blocked by Brett Pesce.
15:47 of 3rd period - Slapshot by Vladislav Gavrikov.
15:47 of 3rd period - Stopped by Anthony Stolarz with a rebound.
16:18 of 3rd period - Off-side.
16:19 of 3rd period - Patrick Brown wins face-off versus Yanni Gourde in neutral zone.
16:45 of 3rd period - Patrik Laine is hit by Taylor Raddysh and loses puck.
17:08 of 3rd period - Snap shot by Alex DeBrincat.
17:08 of 3rd period - Stopped by Anton Forsberg without a rebound.
17:09 of 3rd period - Anze Kopitar wins face-off versus Tomas Hertl in Kings zone.
17:36 of 3rd period - Snap shot by Mark Stone.
17:36 of 3rd period - Stopped by Anton Forsberg with a rebound.
17:38 of 3rd period - Wrist shot by Brett Pesce.
17:38 of 3rd period - Stopped by Anton Forsberg with a rebound.
17:40 of 3rd period - Slapshot by Jared Spurgeon.
17:40 of 3rd period - Stopped by Anton Forsberg with a rebound.
17:50 of 3rd period - Slapshot by Anze Kopitar.
17:50 of 3rd period - Stopped by Anthony Stolarz with a rebound.
18:03 of 3rd period - Snap shot by William Karlsson.
18:03 of 3rd period - Shot Blocked by Jared Spurgeon.
18:05 of 3rd period - Snap shot by Gustav Forsling.
18:05 of 3rd period - Stopped by Anthony Stolarz with a rebound.
18:09 of 3rd period - Snap shot by Anze Kopitar.
18:09 of 3rd period - Stopped by Anthony Stolarz without a rebound.
18:10 of 3rd period - Pius Suter wins face-off versus Yanni Gourde in Golden Knights zone.
18:37 of 3rd period - Ilya Lyubushkin is hit by Owen Power and loses puck.
19:08 of 3rd period - Wrist shot by Aleksander Barkov.
19:08 of 3rd period - Stopped by Anthony Stolarz with a rebound.
19:10 of 3rd period - Wrist shot by Gustav Forsling.
19:10 of 3rd period - Stopped by Anthony Stolarz without a rebound.
19:11 of 3rd period - call a timeout for Golden Knights.
19:11 of 3rd period - Aleksander Barkov wins face-off versus Tomas Hertl in Golden Knights zone.
19:11 of 3rd period - Kevin Fiala is hit by Josh Morrissey and loses puck.
19:22 of 3rd period - Slapshot by Kevin Fiala.
19:22 of 3rd period - Shot Misses the Net.
19:24 of 3rd period - Snap shot by Noah Hanifin.
19:24 of 3rd period - Shot Blocked by Tomas Hertl.
19:26 of 3rd period - Wrist shot by Gustav Forsling.
19:26 of 3rd period - Stopped by Anthony Stolarz with a rebound.
19:28 of 3rd period - Snap shot by Gustav Forsling.
19:28 of 3rd period - Shot Blocked by Josh Morrissey.
Goals for this period are 2 for Golden Knights vs 1 for Kings.
Shots for this period are 17 for Golden Knights vs 15 for Kings.